 Dungeon Crawl Stone Soup version 0.19-a0-665-g79b24d5 (webtiles) character file.

53 Arkorax the Vandal (level 3, 0/30 HPs)
             Began as a Draconian Hunter on June 16, 2016.
             Slain by a hobgoblin (3 damage)
             ... led by Robin
             ... on level 2 of the Dungeon.
             The game lasted 00:01:10 (1475 turns).

Arkorax the Vandal (Draconian Hunter)               Turns: 1475, Time: 00:01:11

Health: 0/30       AC:  6    Str: 14    XL:     3   Next: 64%
Magic:  3/3        EV: 12    Int: 11    God:
Gold:   79         SH:  0    Dex: 12    Spells: 0 memorised, 2 levels left

rFire  . . .     SeeInvis .     m - +1 dagger (venom)
rCold  . . .     Gourm    .     (armour unavailable)
rNeg   . . .     Faith    .     (no shield)
rPois  .         Spirit   .     (helmet restricted)
rElec  .         Dismiss  .     (no cloak)
rCorr  .         Reflect  .     (no gloves)
SustAt .         Harm     .     (no boots)
MR     .....                    (no amulet)
Stlth  +.........               (no ring)
                                g - +1 ring of protection

@: not resistant to hostile enchantments, very unstealthy
A: unfitting armour, cold-blooded, AC +5
a: no special abilities


You were on level 2 of the Dungeon.
You were hungry.

You visited 1 branch of the dungeon, and saw 2 of its levels.

You collected 79 gold pieces.

Inventory:

Hand Weapons
 a - a +1 hunting sling
 m - a +1 dagger of venom (weapon)
Missiles
 c - 32 sling bullets
 e - 19 stones (quivered)
Jewellery
 g - a +1 ring of protection (left hand)
Scrolls
 b - a scroll of immolation {unknown}
 f - a scroll of magic mapping {unknown}
 h - a scroll of fog {unknown}
 i - a scroll of enchant armour {unknown}
 j - a scroll of fear {unknown}
 k - 2 scrolls of identify {unknown}
 l - a scroll of remove curse {unknown}
Potions
 n - a potion of resistance {unknown}
 p - a potion of ambrosia {unknown}
 q - a potion of flight {unknown}
Comestibles
 d - 2 bread rations


   Skills:
 + Level 2.9 Fighting
 * Level 4.3 Slings
 + Level 2.2 Dodging
 - Level 0.8 Stealth


You had 2 spell levels left.
You didn't know any spells.

Dungeon Overview and Level Annotations

Branches:
Dungeon (2/15)

Altars:

Annotations:
D:2 Robin


Innate Abilities, Weirdness & Mutations

Your plain brown scales are hard. (AC +5)
Your body does not fit into most forms of armour.
You are cold-blooded and may be slowed by cold attacks.


Message History

You closely miss the goblin.
The hobgoblin hits you but does no damage.
The goblin hits you with an enchanted dagger.
The goblin hits you but does no damage. The quokka bites you.
* * * LOW HITPOINT WARNING * * *
The goblin barely misses you. The goblin misses you.
You closely miss the goblin.
Your tail-slap misses the goblin.
The hobgoblin hits you.
* * * LOW HITPOINT WARNING * * *
The goblin hits you with an enchanted dagger.
* * * LOW HITPOINT WARNING * * *
The goblin hits you with a club.
* * * LOW HITPOINT WARNING * * *
The quokka bites you but does no damage.
The goblin closely misses you. x2
It was a potion of curing.
You feel better.
The goblin hits you with an enchanted dagger.
* * * LOW HITPOINT WARNING * * *
The hobgoblin hits you.
You die...

#.# ### #.# #.. #
####.# #.### #.#....#
#... .#.....g# #..#
#... ......gg# #..#
#..# #...ggg#
#..#######..#
#.gg@####............
##grgg.......####....
....##l#####.#.#
#.... .... #.#
#.#.####.... ... #.#
##.#........# .. #.#
##...#####.#.# . #.#
#)###.####.#..
#...†## ##.....###
#.... #.#####


You could see Robin, a giant gecko, a quokka, 2 hobgoblins and 8 goblins.

Vanquished Creatures
  An adder (D:2)
  A worm (D:2)
  2 dart slugs (D:1)
  A giant cockroach (D:1)
  5 hobgoblins (D:1)
  3 jackals (D:1)
  4 bats
  9 goblins
  5 kobolds (D:1)
  5 rats (D:1)
36 creatures vanquished.

Notes
Turn   | Place    | Note
--------------------------------------------------------------
     0 | D:1      | Arkorax the Draconian Hunter began the quest for the Orb.
     0 | D:1      | Reached XP level 1. HP: 17/17 MP: 1/1
   123 | D:1      | Reached XP level 2. HP: 25/25 MP: 2/2
   309 | D:1      | Reached skill level 4 in Slings
   467 | D:1      | Reached XP level 3. HP: 30/30 MP: 3/3
  1468 | D:2      | Noticed Robin
  1474 | D:2      | HP: 1/30 [goblin/club[Robin] (1)]
  1475 | D:2      | Slain by a hobgoblin

Vault maps used:
D:1:      mrwooster_arrival_statue, minmay_close_crescents
D:2:      tso_oasis_becter, uniq_robin

Skill      XL: |  1  2 |
---------------+-------+-----
Dodging        | 2 |  2.2
Slings         | 4 |  4.3
Fighting       | |  2.9
Stealth        | |  0.8

Action                   || total
-------------------------++-------
Melee: Dagger            ||    70
       Tailslap          ||     1
 Fire: Hunting sling     ||    41
  Use: Potion            ||     1
 Stab: Sleeping          ||     1
  Eat: Chunk             ||     1
Armor: Skin              ||    30
Dodge: Dodged            ||    73
